 Dungeon Crawl Stone Soup version 0.26.0-16-gc1dbca0489 (webtiles) character file.

Game seed: 4607912307651840715

340 trckry the Ruffian (level 6, 0/47 HPs)
             Began as a Draconian Transmuter on Jan 17, 2021.
             Was an Initiate of Makhleb.
             Slain by a sky beast (6 damage)
             ... on level 5 of the Dungeon.
             The game lasted 00:08:54 (4118 turns).

trckry the Ruffian (Draconian Transmuter)           Turns: 4118, Time: 00:08:54

Health: 0/47       AC:  6    Str: 13    XL:     6   Next: 30%
Magic:  9/9        EV: 12    Int: 15    God:    Makhleb [......]
Gold:   249        SH:  0    Dex: 11    Spells: 6/9 levels left

rFire    . . .     SeeInvis .     - Unarmed
rCold    . . .     Faith    .   (no shield)
rNeg     . . .     Spirit   .   (armour unavailable)
rPois    .         Reflect  .   (helmet currently unavailable)
rElec    .         Harm     .   (no cloak)
rCorr    .         Rampage  .   (no gloves)
Will     .....                  (boots currently unavailable)
Stlth    +.........             (no amulet)
HPRegen  0.15/turn              g - ring of wizardry
MPRegen  0.11/turn              (no ring)

@: appendages (expiring)
A: unfitting armour, horns 2, talons 2, cold-blooded, AC +6
a: End Transformation, Renounce Religion


You were on level 5 of the Dungeon.
You worshipped Makhleb.
Makhleb was noncommittal.
You had grown temporary horns.
You had grown temporary talons.
You visited 1 branch of the dungeon, and saw 5 of its levels.

You collected 249 gold pieces.

Inventory:

Missiles
 e - 24 poisoned darts (quivered)
Armour
 k - a +0 kite shield
Jewellery
 g - a ring of wizardry (left hand)
 p - an uncursed amulet of the acrobat {unknown}
Wands
 n - a wand of disintegration (17)
Scrolls
 a - 5 scrolls of identify {unknown}
 b - 3 scrolls of remove curse {unknown}
 c - 2 scrolls of fear {unknown}
 d - 3 scrolls of immolation {unknown}
 f - 2 scrolls of blinking {unknown}
 h - 2 scrolls of enchant weapon {unknown}
 m - 3 scrolls of teleportation {unknown}
Potions
 i - 3 potions of curing
 j - a potion of flight {unknown}
 l - a potion of attraction {unknown}
 o - 2 potions of heal wounds {unknown}
 q - a potion of mutation {unknown}


   Skills:
 - Level 1.1 Fighting
 - Level 1.7 Dodging
 * Level 5.1 Unarmed Combat
 - Level 2.0 Spellcasting
 * Level 4.6 Transmutations
 + Level 2.3 Invocations
 + Level 0.0 Evocations


You had 6 spell levels left.
You knew the following spells:

 Your Spells              Type           Power        Failure   Level
a - Beastly Appendage     Tmut           30%          1%          1
b - Wereblood             Tmut           15%          1%          2

Your spell library contained the following spells:

 Spells                   Type           Power        Failure   Level
 Spider Form              Tmut/Pois      4%           11%         3
 Ice Form                 Ice/Tmut       8%           32%         4
 Blade Hands              Tmut           7%           34%         5


Dungeon Overview and Level Annotations

Branches:
Dungeon (5/15)
 Temple: D:4-7

Altars:
Dithmenos
Elyvilon
Hepliaklqana
Kikubaaqudgha
Makhleb
Okawaru
Sif Muna
Vehumet
Zin
The Shining One

Shops:
D:4 =

Annotations:
D:4 Eustachio


Innate Abilities, Weirdness & Mutations

Your plain brown scales are hard. (AC +6)
You cannot fit into any form of body armour.
You are cold-blooded and may be slowed by cold attacks.
You have a pair of horns on your head.
You have razor-sharp toenails.


Message History

The sky beast is heavily wounded.
The sky beast flickers out of sight!
Deactivating autopickup; reactivate with Ctrl-A.
Something hits you. Something shocks you.
You hit something but do no damage. Something hits you but does no damage.
You barely miss something. You claw something. You barely miss something.
Something hits you. Something shocks you.
You miss something. Your headbutt misses something.
Something hits you but does no damage.
You hit something. Something hits you but does no damage.
You closely miss something. Your headbutt misses something. Something hits you.
Something shocks you.
* * * LOW HITPOINT WARNING * * *
You hit something. Your kick misses something.
Something hits you but does no damage.
You miss something. You claw something. Your headbutt misses something.
You tail-slap something. Something hits you.
* * * LOW HITPOINT WARNING * * *
Something shocks you.
You die...

## .# )#
###.#
#.<.#
#..{######
#.@.......
###.......
......[
.#.##.#
##.# # .#


There were no monsters in sight!

Vanquished Creatures
  A scorpion (D:4)
  An orc priest (D:4)
  3 orc wizards
  An iguana (D:4)
  2 worker ants
  3 adders
  2 oozes
  An adder skeleton (D:2)
  2 worms
  A dart slug (D:2)
  4 leopard geckos
  8 orcs
  A ball python (D:2)
  A giant cockroach (D:1)
  5 goblins
  5 hobgoblins
  2 kobolds
  2 quokkas (D:2)
  2 bats (D:2)
  6 frilled lizards
  5 rats
58 creatures vanquished.

Vanquished Creatures (others)
  A human (D:3)
1 creature vanquished.

Grand Total: 59 creatures vanquished

Notes
Turn   | Place    | Note
-------+----------+-------------------------------------------
     0 | D:1      | trckry the Draconian Transmuter began the quest for the
                  | Orb.
     0 | D:1      | Reached XP level 1. HP: 16/16 MP: 3/3
   290 | D:1      | Reached XP level 2. HP: 23/23 MP: 5/5
   300 | D:1      | Learned a level 2 spell: Wereblood
   868 | D:2      | Reached XP level 3. HP: 15/28 MP: 4/6
  1016 | D:2      | Found a burning altar of Makhleb.
  1049 | D:2      | Found a radiant altar of Vehumet.
  1135 | D:2      | Became a worshipper of Makhleb the Destroyer
  1776 | D:3      | Found a hazy altar of Hepliaklqana.
  2066 | D:3      | Reached skill level 4 in Unarmed Combat
  2066 | D:3      | Reached XP level 4. HP: 24/35 MP: 5/7
  2249 | D:3      | Reached skill level 1 in Invocations
  2342 | D:3      | Found a white marble altar of Elyvilon.
  2345 | D:3      | Found an ancient bone altar of Kikubaaqudgha.
  2348 | D:3      | Found a shimmering blue altar of Sif Muna.
  2351 | D:3      | Found an iron altar of Okawaru.
  2417 | D:3      | Found an ancient bone altar of Kikubaaqudgha.
  2420 | D:3      | Noticed a human
  2422 | D:3      | Killed a human
  2757 | D:4      | Found a glowing silver altar of Zin.
  2831 | D:4      | Noticed Eustachio
  3117 | D:4      | Found a shadowy altar of Dithmenos.
  3119 | D:4      | Found a glowing golden altar of the Shining One.
  3202 | D:4      | Reached XP level 5. HP: 40/40 MP: 6/8
  3296 | D:4      | Reached XP level 6. HP: 15/47 MP: 7/9
  3301 | D:4      | Reached skill level 5 in Unarmed Combat
  3640 | D:4      | Found Idwesm's Jewellery Shop.
  3707 | D:4      | Found a white marble altar of Elyvilon.
  3870 | D:5      | Entered Level 5 of the Dungeon
  3871 | D:5      | HP: 2/47 [worker ant (8)]
  3877 | D:5      | Noticed a sky beast
  4118 | D:5      | Slain by a sky beast

Illustrated notes

Levels and vault maps discovered:
D:1:      onia_arrival_mini_spirals, layout_rooms
D:2:      layout_basic, minitemple
D:3:      layout_rooms, old_standard_altar, grunt_temple_overflow_cloverleaf,
          minmay_misc_feat_enclosed, dk_noncrumbling_4,
          chequers_decorated_corner, tgw_kikubaaqudgha
D:4:      layout_basic, chequers_temple_overflow_statue_of_worship,
          serial_shops, nicolae_shop_stone, elyvilon_altar_3, uniq_eustachio
D:5:      layout_loops_cross, minmay_temple_entry_water_ring,
          okawaru_metal_pillars_1_2, uniq_edmund, uniq_grinder

Skill      XL: |  1  2  3  4  5  6 |
---------------+-------------------+-----
Transmutations | 3 4 |  4.6
Unarmed Combat | 4 5 |  5.1
Invocations    | 1 2 |  2.3
Fighting       | |  1.1
Dodging        | |  1.7
Spellcasting   | |  2.0

Action                   |  1- 3 |  4- 6 || total
-------------------------+-------+-------++-------
Melee: Unarmed           |   113 |   112 ||   225
       Kick              |    12 |    23 ||    35
       Tailslap          |     8 |    13 ||    21
       Headbutt          |     3 |    14 ||    17
       Punch             |       |     1 ||     1
Throw: Dart              |       |     8 ||     8
 Cast: Beastly Appendage |    14 |    14 ||    28
       Wereblood         |       |     3 ||     3
  Use: Potion            |       |     2 ||     2
Armor: Skin              |    25 |    28 ||    53
Dodge: Dodged            |    65 |    50 ||   115
